 Dungeon Crawl Stone Soup version 0.22-a0-596-gfbd32a6 (webtiles) character file.

108125 Amnesiac the Fetichist (level 16, -17/84 HPs)
             Began as a Spriggan Artificer on July 5, 2018.
             Was an Initiate of Gozag.
             Demolished by a tengu reaver
             ... wielding a +1 glaive of venom
              (24 damage)
             ... on level 3 of the Depths.
             The game lasted 01:05:50 (27752 turns).

Amnesiac the Fetichist (Spriggan Artificer)        Turns: 27752, Time: 01:05:51

Health: -17/84     AC:  5    Str: 27    XL:     16   Next: 1%
Magic:  30/30      EV: 33    Int: 20    God:    Gozag
Gold:   5247       SH:  8    Dex: 19    Spells: 10/33 levels left

rFire    + . .     SeeInvis +   a - +3 dagger (drain)
rCold    + . .     Gourm    .   M - +0 buckler of Haipoank {+Inv Int+3}
rNeg     . . .     Faith    .   h - +2 robe {rC+ rF+}
rPois    .         Spirit   .   (helmet restricted)
rElec    .         Reflect  .   G - +0 cloak
rCorr    +         Harm     .   (gloves unavailable)
MR       ++...                  (boots unavailable)
Stlth    +++++.....             W - amulet of the acrobat
HPRegen  0.24/turn              m - ring of the Monkey {rCorr *Contam Str+8 Int+5 Slay-5}
MPRegen  0.22/turn              H - +6 ring of strength

@: studying 2 skills, very quick
A: very small, unfitting armour, see invisible, herbivore, speed 3, slow
metabolism 2
a: Potion Petition, Call Merchant, Bribe Branch, Renounce Religion, Evoke
Invisibility


You were on level 3 of the Depths.
You worshipped Gozag.
Gozag was greatly pleased with you.
You were full.

You visited 3 branches of the dungeon, and saw 20 of its levels.
You also visited: Wizlab.

You collected 5319 gold pieces.
You paid 72 gold pieces to Gozag.

Inventory:

Hand Weapons
 a - a +3 dagger of draining (weapon)
 b - a +0 short sword of speed
 w - a +0 blowgun
 L - the +9 staff of Wucad Mu {channel}
   (You found it in a wizard's laboratory)
 Y - a +4 scimitar of flaming
Missiles
 t - a throwing net (quivered)
 x - 13 curare-tipped needles
Armour
 h - a +2 robe of resistance (worn)
 G - a +0 cloak (worn)
 M - the +0 buckler of Haipoank (worn) {+Inv Int+3}
   (You found it on level 12 of the Dungeon)

   It affects your intelligence (+3).
   It lets you turn invisible.
 S - a +0 buckler of protection
Jewellery
 m - the ring of the Monkey (left hand) {rCorr *Contam Str+8 Int+5 Slay-5}
   (You found it on level 1 of the Depths)

   [ring of resist corrosion]

   It affects your strength (+8).
   It affects your intelligence (+5).
   It affects your accuracy and damage with ranged weapons and melee attacks
   (-5).
   It causes magical contamination when unequipped.
 p - an uncursed ring of flight
 q - an uncursed ring of poison resistance
 v - an uncursed ring of positive energy
 B - an uncursed ring of fire
 H - a +6 ring of strength (right hand)
 K - an uncursed ring of stealth
 P - an uncursed ring of wizardry
 W - an amulet of the acrobat (around neck)
 Z - an uncursed ring of ice
Wands
 d - a wand of enslavement (12)
 r - a wand of digging (20)
 N - a wand of flame (19)
 U - a wand of disintegration (2)
Scrolls
 e - 3 scrolls of fog {!r}
 j - a scroll of enchant armour {!r}
 k - 2 scrolls of magic mapping {!r}
 y - a scroll of identify {!r}
 A - 4 scrolls of amnesia {!r}
 C - 4 scrolls of teleportation {!r}
 D - a scroll of vulnerability {!r}
 F - 3 scrolls of enchant weapon {!r}
 I - a scroll of blinking {!r, unknown}
 Q - a scroll of silence {!r}
 R - 2 scrolls of brand weapon {!r}
 T - 4 scrolls of remove curse {!r}
Potions
 c - a potion of mutation {!q}
 g - 3 potions of might {!q}
 i - 8 potions of curing {!q}
 n - 3 potions of flight {!q}
 o - 2 potions of brilliance {!q}
 u - a potion of cancellation {!q}
 z - 2 potions of magic {!q}
 E - 2 potions of haste {!q}
 J - a potion of degeneration {!q}
 O - 2 potions of invisibility {!q}
 X - 2 potions of lignification {!q}
Books
 l - a manual of Dodging
 V - a manual of Translocations
Miscellaneous
 s - a lamp of fire
Comestibles
 f - 16 rations


   Skills:
 - Level 9.0 Fighting
 - Level 10.0 Short Blades
 + Level 16.6 Dodging
 - Level 10.0 Stealth
 - Level 7.2 Shields
 - Level 9.0 Spellcasting
 - Level 6.6 Charms
 - Level 2.7 Air Magic
 - Level 19.4 Evocations


You had 10 spell levels left.
You knew the following spells:

 Your Spells              Type           Power        Failure   Level  Hunger
a - Call Imp              Summ           #.......     12%         2    None
b - Apportation           Tloc           #.....       8%          1    None
c - Silence               Hex/Air        ##........   77%         5    #####..
d - Deflect Missiles      Chrm/Air       ####......   86%         6    ######.
e - Mephitic Cloud        Conj/Pois/Air  ##......     16%         3    None
s - Conjure Flame         Conj/Fire      #.......     22%         3    None
v - Blink                 Tloc           N/A          12%         2    None
z - Confusing Touch       Hex            #.....       8%          1    None

Your spell library contained the following spells:

 Spells                   Type           Power        Failure   Level  Hunger
 Cause Fear               Hex            #.........   58%         4    ###....
 Magic Dart               Conj           #...         8%          1    None
 Bolt of Magma            Conj/Fire/Erth #.........   91%         5    #####..
 Slow                     Hex            #.......     12%         2    None
 Confuse                  Hex            #.......     22%         3    None
 Summon Small Mammal      Summ           #...         8%          1    None
 Animate Skeleton         Necr           N/A          8%          1    None
 Iron Shot                Conj/Erth      #.........   100%        6    ######.
 Statue Form              Tmut/Erth      #........    100%        6    ######.
 Metabolic Englaciation   Hex/Ice        #.........   91%         5    #####..
 Shatter                  Erth           #.........   100%        9    #######
 Petrify                  Tmut/Erth      #.......     58%         4    ###....
 Leda's Liquefaction      Hex/Erth       #.........   58%         4    ###....
 Discord                  Hex            #.........   100%        8    #######
 Gell's Gravitas          Tloc           #.........   22%         3    None
 Yara's Violent Unravell  Hex/Tmut       #.........   91%         5    #####..


Dungeon Overview and Level Annotations

Branches:
Dungeon (15/15)            Temple (1/1) D:5            Lair (0/6) D:11
    Orc (0/2) D:9          Vaults (0/5) D:13         Depths (4/5) D:15

Altars:
Ashenzari
Cheibriados
Dithmenos
Elyvilon
Fedhas
Gozag
Hepliaklqana
Kikubaaqudgha
Makhleb
Nemelex Xobeh
Okawaru
Qazlal
Ru
Sif Muna
Trog
Uskayaw
Vehumet
Wu Jian
Xom
Yredelemnul
Zin
The Shining One

Shops:
D:5 =

Portals:
Hell: Depths:1 Depths:4
Abyss: Depths:4
Pandemonium: Depths:3

Annotations:
D:11 exclusion: downstairs
Depths:2 exclusions: frost giant, greater mummy, lich and phantasmal warrior


Innate Abilities, Weirdness & Mutations

You are very small and have problems with some larger weapons.
You are too small for most types of armour.
You have supernaturally acute eyesight. (SInv)
You are a herbivore.
You cover ground extremely quickly.
You need to consume almost no food.


Message History

The slime creature barely misses you.
You hit the slime creature but do no damage.
You drain the slime creature!
The slime creature is severely wounded.
You hit the slime creature but do no damage.
The slime creature is severely wounded.
The slime creature completely misses you.
You hit the slime creature. You drain the slime creature!
The slime creature is severely wounded.
You hit the slime creature but do no damage.
The slime creature is severely wounded.
The slime creature completely misses you.
You hit the slime creature.
The slime creature is severely wounded.
You hit the slime creature but do no damage.
You drain the slime creature!
The slime creature is almost dead.
The slime creature completely misses you.
You puncture the slime creature!
The slime creature is almost dead.
You hit the slime creature.
You kill the slime creature!
You swing at nothing.
You swing at nothing.
You now have 5238 gold pieces (gained 6).
You start resting.
A tengu reaver comes into view. It is wielding a glaive of venom.
The tengu reaver shouts!
The tengu reaver casts a spell.
The tengu reaver conjures a globe of magical energy!
You hear a screech!
A battlesphere comes into view.
You now have 5241 gold pieces (gained 3).
You now have 5247 gold pieces (gained 6).
A tengu reaver opens the large door.
Found a one-way gate leading to the halls of Pandemonium.
Press: ? - help, v - describe, . - travel
Here: a tengu reaver, wielding a glaive of venom and wearing a ring mail A large open door.
An orange demon comes into view. x2
Evoke which item? (* to show all) (? for menu, Esc to quit)
Aiming: Disintegrate
Press: ? - help, Shift-Dir - straight line, f - tengu reaver
Aim: a tengu reaver, wielding a glaive of venom and wearing a ring mail (chance to defeat MR: 80%)
The tengu reaver is blasted.
The orange demon screeches!
Evoke which item? (* to show all) (? for menu, Esc to quit)
Aiming: Disintegrate
Press: ? - help, Shift-Dir - straight line, f/p - tengu reaver
Aim: a tengu reaver, wielding a glaive of venom and wearing a ring mail (heavily wounded, chance to defeat MR: 80%)
The tengu reaver is blasted.
The tengu reaver casts a spell at you. The bolt of lightning hits you!
Ouch! That really hurt!
* * * LOW HITPOINT WARNING * * *
Evoke which item? (* to show all) (? for menu, Esc to quit)
Aiming: Disintegrate
Press: ? - help, Shift-Dir - straight line, f/p - tengu reaver
Aim: a tengu reaver, wielding a glaive of venom and wearing a ring mail (almost dead, chance to defeat MR: 80%)
The tengu reaver barely resists.
You hear a shout!
The tengu reaver hits you from afar with a glaive of venom!!
You die...
Your body crumbles into a pile of gold.

#.≈≈≈.$c #.≈≈#..#
#.≈≈#..# #.≈≈≈≈.#
#.≈≈##.# ## ###
#.≈..(># ..
......#.########.###.
###..##.# #....4.....
........# #..@#
#######.# #..## #.#
#Q## #.# #*# #
#.###.'....∩. .#
#.##..'...... .#
#.....#*..... Q*#
####..##..... #..#
#$..##....##..#


You could see a tengu reaver, an orange demon and a battlesphere.

Vanquished Creatures
  Rupert (D:12)
  A lich (Depths:2)
  A tengu reaver (D:12)
  Roxanne (D:14)
  Louise (D:14)
  6 stone giants
  4 very ugly things (Depths:4)
  The ghost of Hebeh the Severer, a journeyman MiFi of Trog (D:14)
  Sonja (D:14)
  An ettin (Depths:2)
  2 mummy priests (Depths:2)
  2 yaktaur captains
  5 hydras
  Harold (D:10)
  A death knight (D:15)
  6 centaur warriors
  5 two-headed ogres
  A deep troll earth mage (Depths:1)
  Urug (D:14)
  A shadow wraith (D:13)
  2 deep trolls (Depths:1)
  6 unseen horrors
  A flayed ghost (D:14)
  A wizard (D:15)
  Pikel (D:7)
  3 deep elf magi
  2 phantasmal warriors (D:15)
  A necromancer (D:15)
  An oklob plant (D:9)
  A lindwurm (D:13)
  3 cyclopes
  7 ugly things
  An orc sorcerer (D:15)
  A manticore (D:14)
  A naga mage (D:15)
  A gargoyle (D:15)
  4 centaur skeletons
  The ghost of iamserjio the Chopper, a novice HaBe of Trog (D:6)
  8 yaktaurs
  2 efreet (D:15)
  3 freezing wraiths
  A harpy zombie (D:15)
  A queen bee (D:8)
  4 meliai
  4 trolls
  2 hornets
  Prince Ribbit (D:5)
  9 slime creatures
  4 hippogriffs
  A shadow (D:15)
  Sigmund (D:3)
  A centaur simulacrum (D:15)
  39 yaks
  2 hungry ghosts
  A golden eye (shapeshifter) (Depths:1)
  2 vampire mosquitoes (D:14)
  An acid dragon (D:11)
  A porcupine (D:11)
  2 hornet zombies (D:10)
  6 ice beasts
  A sky beast (D:12)
  A phantom (D:8)
  3 orc warriors
  An eye of draining (D:14)
  4 black bears
  3 slaves (D:7)
  3 ogres
  3 boggarts (Depths:1)
  A wolf (D:9)
  The ghost of Soeti the Shield-Bearer, an amateur OpFi (D:3)
  2 crocodiles
  15 centaurs
  8 bullfrogs
  A wyvern skeleton (D:14)
  4 scorpions
  23 killer bees
  2 electric eels (D:10)
  10 wights
  3 howler monkeys
  5 crimson imps
  9 jellies
  A quasit (D:11)
  4 centaur zombies
  3 bullfrog zombies
  8 orc priests
  3 hounds
  4 iguanas
  6 worker ants
  7 orc wizards
  A killer bee zombie (D:5)
  A bullfrog simulacrum (D:10)
  A hound zombie (D:8)
  2 worker ant zombies
  8 adders
  3 gnolls (D:6)
  4 shadow imps
  2 white imps (D:10)
  12 oozes
  A worm (D:2)
  A dart slug (D:3)
  3 adder simulacra (D:3)
  5 leopard geckos
  44 orcs
  A giant cockroach (D:2)
  6 goblins
  2 hobgoblins (D:2)
  9 jackals
  12 kobolds
  6 quokkas
  3 ball pythons
  8 bats
  6 frilled lizards
  2 gnoll zombies (D:5)
  A jackal simulacrum (D:3)
  A quokka simulacrum (D:3)
  A quokka skeleton (D:7)
  4 rats
466 creatures vanquished.

Vanquished Creatures (collateral kills)
  An orange crystal statue (WizLab)
  A manticore (D:14)
  An ice beast (D:14)
  An orc priest (D:9)
  An orc (D:9)
5 creatures vanquished.

Vanquished Creatures (others)
  An ugly thing (D:14)
  A big kobold (D:7)
  A killer bee (D:9)
  A wight (D:14)
  An orc priest (D:9)
  3 jackals (D:5)
  6 fungi
  2 plants (D:11)
16 creatures vanquished.

Grand Total: 487 creatures vanquished

Notes
Turn   | Place    | Note
-------+----------+-------------------------------------------
     0 | D:1      | Amnesiac the Spriggan Artificer began the quest for the Orb.
     0 | D:1      | Reached XP level 1. HP: 9/9 MP: 4/4
   193 | D:3      | Noticed Sigmund
   207 | D:3      | Found a runed gate.
   207 | D:3      | Found a runed gate.
   208 | D:3      | Found a runed gate.
   253 | D:3      | Killed Sigmund
   253 | D:3      | Reached skill level 7 in Evocations
   253 | D:3      | Reached XP level 2. HP: 4/14 MP: 4/7
   253 | D:3      | Reached XP level 3. HP: 5/17 MP: 5/9
   253 | D:3      | Reached XP level 4. HP: 7/21 MP: 5/10
   253 | D:3      | Reached XP level 5. HP: 8/25 MP: 5/11
   863 | D:3      | Reached skill level 8 in Evocations
   930 | D:3      | Found a snail-covered altar of Cheibriados.
  1303 | D:5      | Entered Level 5 of the Dungeon
  1348 | D:5      | Found Nainn's Jewellery Shop.
  1392 | D:5      | Reached skill level 1 in Fighting
  1459 | D:5      | Noticed Prince Ribbit
  1500 | D:5      | Killed Prince Ribbit
  1500 | D:5      | Reached XP level 6. HP: 8/30 MP: 13/13
  1526 | D:5      | Found a staircase to the Ecumenical Temple.
  1535 | Temple   | Entered the Ecumenical Temple
  1966 | D:5      | Found an opulent altar of Gozag.
  1974 | D:5      | Became a worshipper of Gozag Ym Sagoz the Greedy
  2144 | D:5      | Reached skill level 5 in Short Blades
  2177 | D:4      | Reached XP level 7. HP: 16/33 MP: 14/14
  2212 | D:3      | Found a glowing golden altar of the Shining One.
  2844 | D:3      | Noticed Soeti's ghost (amateur OpFi)
  3220 | D:3      | Killed Soeti's ghost
  5086 | D:3      | Found a snail-covered altar of Cheibriados.
  5189 | D:3      | Found a glowing golden altar of the Shining One.
  6369 | D:5      | Found a basalt altar of Yredelemnul.
  6541 | D:5      | Found an opulent altar of Gozag.
  6651 | D:5      | Found a basalt altar of Yredelemnul.
  6763 | D:5      | Found a staircase to the Ecumenical Temple.
  6891 | D:5      | Found Nainn's Jewellery Shop.
  7052 | D:6      | Found a shattered altar of Ashenzari.
  7231 | D:6      | Reached XP level 8. HP: 34/37 MP: 15/15
  7655 | D:6      | You fall through a shaft!
  7704 | D:7      | Reached skill level 5 in Stealth
  8330 | D:6      | Found a runed door.
  8330 | D:6      | Noticed iamserjio's ghost (novice HaBe)
  8368 | D:6      | Killed iamserjio's ghost
  8792 | D:7      | Noticed Pikel
  8837 | D:7      | Killed Pikel
  8837 | D:7      | Reached XP level 9. HP: 28/41 MP: 16/16
  9608 | D:7      | Reached skill level 1 in Shields
 10047 | D:8      | Noticed a two-headed ogre
 10052 | D:8      | Killed a two-headed ogre
 10052 | D:8      | Reached skill level 5 in Fighting
 10344 | D:8      | Noticed a queen bee
 10436 | D:8      | Killed a queen bee
 10436 | D:8      | Reached XP level 10. HP: 24/51 MP: 17/17
 11348 | D:9      | Noticed an oklob plant
 11929 | D:9      | Reached skill level 5 in Shields
 12226 | D:9      | Found a staircase to the Orcish Mines.
 13468 | D:9      | Reached XP level 11. HP: 54/56 MP: 18/18
 13580 | D:9      | Found a burning altar of Makhleb.
 13651 | D:10     | Entered Level 10 of the Dungeon
 14027 | D:10     | Noticed Harold
 14104 | D:10     | Killed Harold
 14104 | D:10     | Reached skill level 10 in Dodging
 14104 | D:10     | Reached skill level 9 in Evocations
 14250 | D:10     | Noticed a two-headed ogre
 14286 | D:10     | Killed a two-headed ogre
 15423 | D:10     | Noticed a two-headed ogre
 15430 | D:10     | Killed a two-headed ogre
 15757 | D:11     | Reached skill level 10 in Short Blades
 15759 | D:11     | Reached skill level 10 in Stealth
 15898 | D:11     | Reached skill level 10 in Evocations
 16332 | D:11     | Found a staircase to the Lair.
 16346 | D:11     | Reached skill level 11 in Evocations
 16941 | D:12     | Got a translucent buckler
 16952 | D:12     | Identified the +0 buckler of Haipoank {+Inv Int+3} (You found it on level 12 of the Dungeon)
 17034 | D:12     | Noticed Rupert
 17036 | D:12     | Paralysed by Rupert for 2 turns
 17090 | D:12     | Killed Rupert
 17090 | D:12     | Reached skill level 12 in Evocations
 17090 | D:12     | Reached XP level 12. HP: 61/61 MP: 20/22
 17393 | D:12     | Reached skill level 13 in Evocations
 17481 | D:12     | Noticed a four-headed hydra
 17510 | D:12     | Killed a four-headed hydra
 17530 | D:12     | Noticed a centaur warrior
 17531 | D:12     | Noticed a centaur warrior
 17599 | D:12     | Killed a centaur warrior
 17669 | D:12     | Noticed a four-headed hydra
 17698 | D:12     | Killed a four-headed hydra
 17698 | D:12     | Reached skill level 14 in Evocations
 17750 | D:12     | Noticed a storm dragon
 17807 | D:13     | Found a basalt altar of Yredelemnul.
 18069 | D:13     | Reached skill level 15 in Evocations
 18240 | D:13     | Noticed an eight-headed hydra
 18481 | D:13     | Killed an eight-headed hydra
 18562 | D:13     | Learned a level 1 spell: Confusing Touch
 18565 | D:13     | Learned a level 2 spell: Blink
 18569 | D:13     | Learned a level 3 spell: Conjure Flame
 18573 | D:13     | Learned a level 3 spell: Mephitic Cloud
 18576 | D:13     | Learned a level 2 spell: Call Imp
 18622 | D:13     | Reached skill level 16 in Evocations
 18661 | D:13     | Reached skill level 1 in Spellcasting
 19016 | D:13     | Found a gate to the Vaults.
 19279 | D:12     | Reached skill level 5 in Spellcasting
 19454 | D:12     | Noticed an eight-headed hydra
 19505 | D:12     | You fall through a shaft for 3 floors!
 19505 | D:15     | Entered Level 15 of the Dungeon
 19558 | D:15     | Found a frozen archway.
 19661 | D:15     | Reached XP level 13. HP: 55/65 MP: 26/26
 19883 | D:14     | Identified a paperback manual
 20071 | D:15     | Found a staircase to the Depths.
 21175 | D:14     | Noticed Hebeh's ghost (journeyman MiFi)
 21200 | D:14     | Noticed a stone giant
 21202 | D:14     | Found a runed gate.
 21202 | D:14     | Found a runed gate.
 21204 | D:14     | Found a runed gate.
 21263 | D:14     | Noticed Sonja
 21439 | D:14     | Noticed Urug
 21446 | D:14     | Killed Urug
 21464 | D:14     | Noticed Louise
 21482 | D:14     | Noticed Roxanne
 21518 | D:14     | Killed Louise
 21659 | D:14     | Killed Sonja
 22158 | D:15     | Reached skill level 17 in Evocations
 22330 | D:14     | Killed Roxanne
 22549 | D:14     | Killed Hebeh's ghost
 22561 | D:14     | Killed a stone giant
 23254 | D:12     | Noticed a tengu reaver
 23262 | D:12     | Reached XP level 14. HP: 51/72 MP: 28/28
 23271 | D:12     | Killed a tengu reaver
 23472 | D:12     | Found the +8 glaive of the Guard {elec, +Rage AC+5 SInv}
 23839 | D:12     | Reached skill level 18 in Evocations
 24103 | D:15     | HP: 2/72 [phantasmal warrior[a death knight] (27)]
 25117 | Depths:1 | Entered Level 1 of the Depths
 25155 | Depths:1 | Got a slimy bronze ring
 25172 | Depths:1 | Identified the ring of the Monkey {rCorr *Contam Str+8 Int+5 Slay-5} (You found it on level 1 of the Depths)
 25203 | Depths:1 | Found a gateway to Hell.
 25326 | Depths:1 | Learned a level 1 spell: Apportation
 25408 | Depths:1 | Found a magical portal.
 25416 | WizLab   | Entered Wucad Mu's Monastery
 25440 | WizLab   | Noticed a grey draconian monk
 25481 | WizLab   | Found the +9 staff of Wucad Mu {channel}
 25486 | WizLab   | Noticed a grey draconian monk
 25701 | Depths:1 | Noticed a stone giant
 25703 | Depths:1 | Noticed a stone giant
 25710 | Depths:1 | Killed a stone giant
 25719 | Depths:1 | Killed a stone giant
 25837 | Depths:1 | Learned a level 5 spell: Silence
 25844 | Depths:1 | Learned a level 6 spell: Deflect Missiles
 25861 | Depths:1 | Noticed a stone giant
 25935 | Depths:1 | Killed a stone giant
 25981 | Depths:1 | Reached skill level 19 in Evocations
 26177 | Depths:2 | Noticed a stone giant
 26392 | Depths:1 | Reached XP level 15. HP: 68/77 MP: 29/29
 26452 | Depths:2 | Noticed a frost giant
 26770 | Depths:2 | Noticed a greater mummy
 26770 | Depths:2 | Noticed a lich
 26805 | Depths:2 | Killed a lich
 27347 | Depths:4 | Reached skill level 15 in Dodging
 27367 | Depths:4 | Reached XP level 16. HP: 47/84 MP: 30/30
 27523 | Depths:4 | Found a sacrificial altar of Ru.
 27642 | Depths:4 | Found a one-way gate to the infinite horrors of the Abyss.
 27729 | Depths:3 | Noticed a tengu reaver
 27746 | Depths:3 | Found a one-way gate leading to the halls of Pandemonium.
 27752 | Depths:3 | Demolished by a tengu reaver

Vault maps used:
D:1:      scummos_arrival_star, skrybe_limestone_x, minmay_pentomino_z4
D:3:      overflow_temple_1_default, nicolae_tso_carved_into_rock,
          gammafunk_ghost_icy, uniq_sigmund
D:5:      lemuel_zombie_altar_yredelemnul, grunt_gozag_breadcrumbs,
          lemuel_temple_firewalk_b, serial_shops, shop, first_ration,
          uniq_prince_ribbit1
D:6:      ashenzari_altar_1, gammafunk_ghost_grave
D:7:      uniq_pikel
D:8:      david_nohive_1
D:9:      lemuel_slime, lemuel_coloured_pillars_altar, david_orc_3
D:10:     serial_ice, serial_ice_a, serial_ice_k, serial_ice_f, serial_ice_o,
          uniq_harold
D:11:     grunt_lair_entry_orc_guard_hut
D:12:     minmay_guarded_unrand_guard, uniq_rupert
D:13:     david_vaults_4, basic_altar
D:14:     gammafunk_ghost_split, minmay_misc_feat_square, kennysheep_path_1,
          uniq_urug, uniq_sonja, uniq_roxanne, uniq_louise
D:15:     grunt_enter_depths_magical_seal, portal_ice_cave_entry_pillars_1,
          hangedman_decor_lopped, minmay_fountain_box
Temple:   regret_index_temple_sphere_string
Depths:1: hangedman_tar_grid_catacomb, infiniplex_enter_wizlab_spiral,
          dk_noncrumbling_4, lemuel_nasty_fountain
Depths:2: minmay_guarded_unrand_sceptre_of_torment, hangedman_coc_ice_floe,
          roderic_serpentine_path, minmay_multi_spiral
Depths:3: minmay_the_grid_square_5x5_5x5_mashed, rand_demon_pan_entry_5,
          serial_shops, shop, hell_entry, abyss_entry, uniq_jorgrun
Depths:4: wad_guarded_room, enter_ziggurat_d, pf_vacation_house_of_asmodeus,
          grunt_pan_entry_in_and_out, abyss_entry, kennysheep_flooded_box,
          infiniplex_staircase_spiral
WizLab:   wizlab_wucad

Skill      XL: |  1  2  3  4  5  6  7  8  9 10 11 12 13 14 15 |
---------------+----------------------------------------------+-----
Evocations     | 7 8 12 16 17 19 | 19.4
Fighting       | 1 5 6 7 8 9 |  9.0
Short Blades   | 4 5 8 10 | 10.0
Stealth        | 2 8 10 | 10.0
Dodging        | 9 10 11 13 16 | 16.6
Shields        | 3 7 |  7.2
Spellcasting   | 6 9 |  9.0
Charms         | 6 |  6.6
Air Magic      | 2 |  2.7

Action                   |  1- 3 |  4- 6 |  7- 9 | 10-12 | 13-15 | 16-18 || total
-------------------------+-------+-------+-------+-------+-------+-------++-------
Melee: Short sword       |     8 |     1 |   100 |   370 |    94 |       ||   573
       Dagger            |       |    59 |   493 |  1268 |   662 |    31 ||  2513
       Unarmed           |       |       |       |       |    34 |       ||    34
       Scimitar          |       |       |       |       |    12 |       ||    12
Throw: Stone             |       |       |       |       |     1 |       ||     1
 Cast: Conjure Flame     |       |       |       |     2 |     4 |       ||     6
       Confusing Touch   |       |       |       |       |    17 |       ||    17
       Apportation       |       |       |       |       |     2 |       ||     2
       Call Imp          |       |       |       |       |     1 |       ||     1
Invok: Potion Petition   |       |       |       |       |     1 |       ||     1
 Abil: Evoke Invisibilit |       |       |       |       |    14 |       ||    14
Evoke: Wand              |       |     3 |    30 |    23 |     9 |     3 ||    68
       Lamp of fire      |       |       |       |       |     2 |       ||     2
       Box of beasts     |       |       |       |       |     1 |       ||     1
  Use: Scroll            |       |     4 |       |    13 |    10 |     1 ||    28
       Potion            |       |       |       |     7 |     5 |       ||    12
 Stab: Sleeping          |     1 |     2 |    11 |    32 |    32 |     3 ||    81
       Distracted        |       |       |     2 |     9 |     4 |       ||    15
       Invisible         |       |       |       |       |    41 |       ||    41
       Confused          |       |       |       |       |    17 |       ||    17
  Eat: Ration            |       |       |     5 |     7 |     9 |       ||    21
Armor: Robe              |     3 |     7 |    27 |    21 |    29 |       ||    87
Dodge: Dodged            |    19 |    64 |   283 |   700 |   435 |    11 ||  1512
Block: Buckler           |       |    28 |   109 |   306 |   190 |     1 ||   634
       Rpst.: Scimitar   |       |       |       |       |     7 |       ||     7

Table legend:
 A = Spawn XP
 B = Non-spawn XP
 C = Spawn XP percentage of total XP
 D = Spawn monster count
 E = Non-spawn monster count
 F = Spawn count percentage of total count
 G = Total turns spent on level
                    A         B        C        D         E        F      G
               +---------+---------+-------+---------+---------+-------+---------
         Total |       0 |  108252 |   0.0 |       0 |     468 |   0.0 | 27752
               +---------+---------+-------+---------+---------+-------+---------
           D:1 |       0 |      14 |   0.0 |       0 |      10 |   0.0 |   627
           D:2 |       0 |      27 |   0.0 |       0 |      15 |   0.0 |  1195
           D:3 |       0 |     425 |   0.0 |       0 |      32 |   0.0 |  2374
           D:4 |       0 |      97 |   0.0 |       0 |       7 |   0.0 |   929
           D:5 |       0 |     570 |   0.0 |       0 |      20 |   0.0 |  1650
           D:6 |       0 |    1202 |   0.0 |       0 |      25 |   0.0 |  1310
           D:7 |       0 |    1537 |   0.0 |       0 |      27 |   0.0 |  1512
           D:8 |       0 |    3020 |   0.0 |       0 |      41 |   0.0 |  2078
           D:9 |       0 |    4876 |   0.0 |       0 |      57 |   0.0 |  2057
          D:10 |       0 |    4951 |   0.0 |       0 |      34 |   0.0 |  1785
          D:11 |       0 |    4739 |   0.0 |       0 |      32 |   0.0 |  1406
          D:12 |       0 |   14908 |   0.0 |       0 |      29 |   0.0 |  1935
          D:13 |       0 |    8317 |   0.0 |       0 |      30 |   0.0 |  1546
          D:14 |       0 |   12400 |   0.0 |       0 |      19 |   0.0 |  1785
          D:15 |       0 |   19320 |   0.0 |       0 |      47 |   0.0 |  2665
      Depths:1 |       0 |   11968 |   0.0 |       0 |      21 |   0.0 |  1273
      Depths:2 |       0 |    8168 |   0.0 |       0 |       6 |   0.0 |   504
      Depths:3 |       0 |    1055 |   0.0 |       0 |       4 |   0.0 |   135
      Depths:4 |       0 |   10061 |   0.0 |       0 |      11 |   0.0 |   449
        WizLab |       0 |     597 |   0.0 |       0 |       1 |   0.0 |   274
               +---------+---------+-------+---------+---------+-------+---------
